 Dungeon Crawl Stone Soup version 0.24-a0-639-gb70a11d811 (webtiles) character file.

Game seed: 8727429837103030761, levelgen mode: deterministic

77 Peloso the Shield-Bearer (level 4, -9/40 HPs)
             Began as a Minotaur Fighter on Sept 22, 2019.
             Killed by divine providence
             ... invoked by an orc priest
              (13 damage)
             ... on level 3 of the Dungeon.
             The game lasted 00:07:22 (1348 turns).

Peloso the Shield-Bearer (Minotaur Fighter)         Turns: 1348, Time: 00:07:23

Health: -9/40      AC:  7    Str: 20    XL:     4   Next: 13%
Magic:  3/3        EV:  7    Int:  5    God:
Gold:   77         SH:  9    Dex: 11    Spells: 3/3 levels left

rFire    . . .     SeeInvis .   a - +0 long sword
rCold    . . .     Gourm    .   c - +0 shield
rNeg     . . .     Faith    +   b - +0 scale mail
rPois    .         Spirit   .   (helmet restricted)
rElec    .         Reflect  .   (no cloak)
rCorr    .         Harm     .   (no gloves)
MR       .....     Rnd*Tele +   (no boots)
Stlth    ..........             l - amulet of faith
HPRegen  0.13/turn              k - ring of teleportation (curse)
MPRegen  0.08/turn              (no ring)

@: no status effects
A: retaliatory headbutt, horns 2
a: no special abilities


You were on level 3 of the Dungeon.
You were hungry.

You visited 1 branch of the dungeon, and saw 3 of its levels.

You collected 77 gold pieces.

Inventory:

Hand Weapons
 a - a +0 long sword (weapon)
Armour
 b - a +0 scale mail (worn)
 c - a +0 shield (worn)
Jewellery
 k - a cursed ring of teleportation (left hand)
 l - an amulet of faith (around neck)
 m - an uncursed ring of resist corrosion {unknown}
Wands
 i - a wand of polymorph (9)
Scrolls
 e - a scroll of teleportation {unknown}
 h - 2 scrolls of identify {unknown}
 j - a scroll of magic mapping {unknown}
 n - a scroll of remove curse {unknown}
Potions
 d - a potion of might
 g - a potion of heal wounds {unknown}
Comestibles
 f - 7 rations


   Skills:
 + Level 3.9 Fighting
 + Level 4.0 Long Blades
 + Level 4.1 Armour
 + Level 0.4 Dodging
 + Level 4.3 Shields


You had 3 spell levels left.
You didn't know any spells.
Your spell library was empty.

Dungeon Overview and Level Annotations

Branches:
Dungeon (3/15)

Altars:

Annotations:
D:3 1 transporter


Innate Abilities, Weirdness & Mutations

You reflexively headbutt those who attack you in melee.
You have a pair of horns on your head.


Message History

The orc shouts!
You hear a shout!
An orc priest comes into view. It is wielding a +0 mace.
You hear a shout!
The orc hits you with a +0 flail.
You hit the orc.
The orc is severely wounded.
The orc priest mumbles some strange prayers to Beogh against you.
Beogh smites you!
An orc comes into view.
The orc hits you but does no damage.
You hit the orc.
You kill the orc!
The orc priest calls down the wrath of Beogh upon you.
Beogh smites you!
* * * LOW HITPOINT WARNING * * *
An orc priest comes into view.
An orc comes into view. It is wielding a +0 dagger.
The orc priest invokes the aid of Beogh against you.
Beogh smites you!
You die...

##.#......##.####...#......
...#......##........#..#8#
#..#......##.#####..#..###.
......)...##.# #..#Z....$
..........#### #..#nZ...(
..#....#### #..#######
..+....# # #.........
..#....# #o##o###.########
...#+#.# #...oo@..# ##.#
..........##### #.#
#.......# .# ### ...# ##.#
#


You could see a necrophage, 2 orc priests, 2 orcs and a hound zombie.

Vanquished Creatures
  2 adders (D:2)
  2 worms (D:3)
  A dart slug (D:2)
  An orc (D:3)
  2 ball pythons (D:1)
  5 giant cockroaches
  9 hobgoblins
  2 kobolds (D:1)
  9 bats
  4 frilled lizards
  2 goblins (D:2)
  10 rats (D:1)
49 creatures vanquished.

Notes
Turn   | Place    | Note
-------+----------+-------------------------------------------
     0 | D:1      | Peloso the Minotaur Fighter began the quest for the Orb.
     0 | D:1      | Reached XP level 1. HP: 19/19 MP: 0/0
    88 | D:1      | Reached XP level 2. HP: 27/27 MP: 1/1
   665 | D:2      | Reached XP level 3. HP: 33/33 MP: 2/2
  1294 | D:3      | Reached XP level 4. HP: 40/40 MP: 3/3
  1326 | D:3      | Found a transporter.
  1327 | D:3      | Noticed a necrophage
  1348 | D:3      | Killed from afar by an orc priest

Levels and vault maps discovered:
D:1:      dpeg_arrival_ratfight, layout_loops_ring
D:2:      layout_basic, first_ration
D:3:      lemuel_castle_with_subvaults [lemuel_castle_interior_carwin_2],
          layout_basic, gammafunk_temple_of_torment

Skill      XL: |  1  2  3  4 |
---------------+-------------+-----
Armour         | 4 |  4.1
Long Blades    | 3 4 |  4.0
Shields        | 4 |  4.3
Fighting       | |  3.9
Dodging        | |  0.4

Action                   |  1- 3 |  4- 6 || total
-------------------------+-------+-------++-------
Melee: Long sword        |    95 |     7 ||   102
       Headbutt          |    13 |     3 ||    16
  Eat: Chunk             |     1 |       ||     1
Armor: Scale mail        |    62 |     1 ||    63
Dodge: Dodged            |    38 |     1 ||    39
Block: Shield            |    72 |       ||    72
       Rpst.: Long sword |     9 |     1 ||    10

Table legend:
 A = Non-vault XP
 B = Vault XP
 C = Vault XP percentage of total XP
 D = Non-vault monster count
 E = Vault monster count
 F = Vault count percentage of total count
                 A         B        C        D         E       F
            +---------+---------+-------+---------+---------+-------
      Total |     105 |       5 |   4.5 |      44 |       5 |  10.2
            +---------+---------+-------+---------+---------+-------
        D:1 |      32 |       5 |  13.5 |      22 |       5 |  18.5
        D:2 |      54 |       0 |   0.0 |      16 |       0 |   0.0
        D:3 |      19 |       0 |   0.0 |       6 |       0 |   0.0
            +---------+---------+-------+---------+---------+-------
